 Dungeon Sprint DCSS version 0.22.1-1-ga44c0e56f4 (webtiles) character file.

896 MuseOD the Unseen (level 10, -10/53 HPs)
             Began as a Spriggan Enchanter on Sept 23, 2018.
             Was the Champion of Dithmenos.
             Shot with an arrow by a centaur warrior (30 damage)
             ... in the Dungeon (Sprint VI: "Thunderdome").
             The game lasted 00:09:58 (1872 turns).

MuseOD the Unseen (Spriggan Enchanter)              Turns: 1872, Time: 00:09:58

Health: -10/53     AC:  0    Str:  4    XL:     10   Next: 96%
Magic:  2/28       EV: 23    Int: 21    God:    Dithmenos [******]
Gold:   710        SH:  0    Dex: 24    Spells: 18/36 levels left

rFire    . . .     SeeInvis +   a - +1 dagger
rCold    . . .     Gourm    .   (shield restricted)
rNeg     + . .     Faith    .   b - +0 robe
rPois    .         Spirit   .   (helmet restricted)
rElec    .         Reflect  .   (no cloak)
rCorr    .         Harm     .   (gloves unavailable)
MR       +....     NoTele   +   (boots unavailable)
Stlth    ++++++++++             (no amulet)
HPRegen  0.17/turn              n - ring "Waenkoru" {*Slow rN+ AC-2 Dex+8} (curse)
MPRegen  0.21/turn              (no ring)

@: wreathed by umbra, very quick
A: very small, unfitting armour, see invisible, herbivore, speed 3, slow
metabolism 2
}: 1/15 runes: decaying
a: Shadow Step, Shadow Form, Renounce Religion


You were in the Dungeon.
You worshipped Dithmenos.
Dithmenos was exalted by your worship.
You were near starving.

You visited 1 branch You collected 1280 gold pieces.
You spent 570 gold pieces at shops.

Inventory:

Hand Weapons
 a - a +1 dagger (weapon)
 i - a +0 short sword of protection
Armour
 b - a +0 robe (worn)
Jewellery
 n - the cursed ring "Waenkoru" (left hand) {*Slow rN+ AC-2 Dex+8}
   (You bought it in a shop in the Dungeon)

   [ring of protection]

   It affects your AC (-2).
   It affects your dexterity (+8).
   It protects you from negative energy.
   It may slow you when you take damage.
   It has a curse placed upon it.
Wands
 k - a wand of acid (2)
 l - a wand of iceblast (5)
 o - a wand of random effects (26)
Scrolls
 j - 4 scrolls of blinking
 m - 3 scrolls of fog
Potions
 c - a potion of resistance
 e - a potion of curing
 f - 4 potions of heal wounds
 g - 4 potions of haste
 h - a potion of magic
Comestibles
 d - a ration


   Skills:
 - Level 6.2 Fighting
 - Level 11.6 Short Blades
 - Level 5.8 Dodging
 + Level 20.0 Stealth
 + Level 13.9 Spellcasting
 + Level 14.1 Hexes


You had 18 spell levels left.
You knew the following spells:

 Your Spells              Type           Power        Failure   Level  Hunger
a - Corona                Hex            ######.      0%          1    None
b - Ensorcelled Hibernat  Hex/Ice        #####.       1%          2    None
c - Confuse               Hex            ######..     1%          3    None
d - Dazzling Spray        Conj/Hex       #####.       1%          3    None
e - Tukima's Dance        Hex            ######..     1%          3    None
f - Invisibility          Hex            ######..     1%          6    #####..

Your spell library contained the following spells:

 Spells                   Type           Power        Failure   Level  Hunger
 Darkness                 Hex            ######....   1%          6    #####..
 Passwall                 Tmut/Erth      ##......     7%          2    None
 Swiftness                Chrm/Air       ##......     7%          2    None
 Passage of Golubria      Tloc           N/A          41%         4    None
 Lee's Rapid Deconstruct  Erth           ##........   77%         5    ###....


Dungeon Overview and Level Annotations

Branches:
Dungeon (1/1)

Altars:
Cheibriados
Dithmenos
Fedhas
Gozag
Kikubaaqudgha
Makhleb
Okawaru
Qazlal
Ru
Sif Muna
Trog
Uskayaw
Vehumet
Wu Jian
Xom
Yredelemnul
Zin
The Shining One
Beogh
Jiyva
Lugonu

Shops:
D *[%??*?*:[((!!!!


Innate Abilities, Weirdness & Mutations

You are very small and have problems with some larger weapons.
You are too small for most types of armour.
You have supernaturally acute eyesight. (SInv)
You are a herbivore.
You cover ground extremely quickly.
You need to consume almost no food.


Message History

The centaur warrior is lightly wounded.
The spray of energy hits the centaur.
The centaur is heavily wounded.
Your shadow mimicks your spell!
The shadow shard hits the centaur.
The centaur warrior shoots an arrow.
The arrow hits you!!
You emit a cloud of dark smoke.
Casting: Dazzling Spray (safe; 1% risk of failure)
Confirm with . or Enter, or press ? or * to list all spells.
Aiming: Dazzling Spray (safe; 1% risk of failure)
Press: ? - help, Shift-Dir - straight line, f/p - centaur
Aim: a centaur, wielding a shortbow (almost dead, blind, hasn't noticed you, The spray of energy hits the centaur.
You kill the centaur!
Dithmenos accepts your kill.
The spray of energy hits the centaur.
The centaur is almost dead.
The centaur is dazzled.
The centaur shoots an arrow.
The arrow misses you.
The centaur warrior shoots an arrow.
The arrow hits you!!
Ouch! That really hurt!
You die...

##### ##§§§## #.cc..# ##)....##
##∩.....∩## #∩)§§§...∩#
#_.§@§§.._# #_.§§§§.._#
#.((§§§)(_# ###..§......###
#⌠....[.(..(.⌠#
######)8.........8.######
##∩___.....(###......__%∩##
###∩........8)# #.8........∩###
##............)###.............#


You could see a centaur warrior and a centaur (blind).

Vanquished Creatures
  A wizard (D)
  A centaur warrior (D)
  2 orb spiders (D)
  A wolf spider (D)
  A spiny frog (D)
  A jumping spider (D)
  2 redbacks (D)
  Sigmund (D)
  A yak (D)
  A tarantella (D)
  A wraith (D)
  2 ice beasts (D)
  An ogre (D)
  14 centaurs (D)
  2 big kobolds (D)
  2 wights (D)
  A jelly (D)
  A hound (D)
  Jessica (D)
  Ijyb (D)
  An adder (D)
  A spectral adder (D)
  An adder skeleton (D)
  A bat zombie (D)
  A goblin (D)
  10 kobolds (D)
  A quokka (D)
  A spectral ball python (D)
55 creatures vanquished.

Notes
Turn   | Place    | Note
-------+----------+-------------------------------------------
     0 | D        | MuseOD the Spriggan Enchanter began the quest for the Orb.
     0 | D        | Reached XP level 1. HP: 9/9 MP: 5/5
     3 | D        | Found an ancient bone altar of Kikubaaqudgha.
     4 | D        | Found a snail-covered altar of Cheibriados.
     4 | D        | Found a blossoming altar of Fedhas.
     5 | D        | Found a radiant altar of Vehumet.
     5 | D        | Found a sacrificial altar of Ru.
     6 | D        | Found Meir's Delicious Food.
     6 | D        | Found a corrupted altar of Lugonu.
     6 | D        | Found an ornate altar of the Wu Jian Council.
     6 | D        | Found Myxo Soasu's Identification Station.
     7 | D        | Found Rafasobb's Jewellery.
     7 | D        | Found Limni's Advanced Armour.
     9 | D        | Round 1.
    10 | D        | Found a shadowy altar of Dithmenos.
    11 | D        | Found a glowing silver altar of Zin.
    12 | D        | Found a stormy altar of Qazlal.
    13 | D        | Found Dagog's Premium Goods.
    14 | D        | Found Dagiur's Miscellaneous Merchandise.
    14 | D        | Found Qeask's Basic Armour.
    18 | D        | Became a worshipper of Dithmenos the Shadowed
    29 | D        | Found a roughly hewn altar of Beogh.
    37 | D        | Found a hide-covered altar of Uskayaw.
    37 | D        | Found a viscous altar of Jiyva.
    37 | D        | Found a deep blue altar of Sif Muna.
    37 | D        | Found Rilirhot's Magic Scroll Shop.
    37 | D        | Found Kineuck's Staff Store.
    38 | D        | Found Naut's Magic Scroll Shop.
    38 | D        | Found Osuwn's Must-Have Magic.
    60 | D        | Noticed Ijyb
    70 | D        | Killed Ijyb
    70 | D        | Reached * piety under Dithmenos
    70 | D        | Reached skill level 6 in Stealth
    70 | D        | Reached XP level 2. HP: 12/15 MP: 6/6
    72 | D        | Noticed a big kobold
    74 | D        | Learned a level 2 spell: Ensorcelled Hibernation
    80 | D        | Killed a big kobold
    80 | D        | Reached skill level 8 in Stealth
    80 | D        | Reached XP level 3. HP: 17/20 MP: 5/8
    80 | D        | Reached XP level 4. HP: 20/24 MP: 5/9
    91 | D        | Learned a level 3 spell: Confuse
   118 | D        | Reached ** piety under Dithmenos
   118 | D        | Arena points: 14 (+14) [x2]
   137 | D        | Bought a fine jade ring for 45 gold pieces
   137 | D        | Identified the cursed ring "Waenkoru" {*Slow rN+ AC-2
                  | Dex+8} (You bought it in a shop in the Dungeon)
   157 | D        | Found a glowing golden altar of the Shining One.
   159 | D        | Found a burning altar of Makhleb.
   160 | D        | Found Aguor's Distillery.
   161 | D        | Found Otruthroph's Distillery.
   161 | D        | Found Toitac's Bottled Wisdom.
   162 | D        | Found a shimmering altar of Xom.
   162 | D        | Found a bloodstained altar of Trog.
   162 | D        | Found an iron altar of Okawaru.
   162 | D        | Found Ziutt's Do-It-Yourself Clinic.
   166 | D        | Found an opulent altar of Gozag.
   168 | D        | Found a basalt altar of Yredelemnul.
   169 | D        | Found Giuha's Weapon Rack.
   218 | D        | Round 2.
   275 | D        | Noticed Sigmund
   289 | D        | Killed Sigmund
   289 | D        | Reached skill level 5 in Fighting
   289 | D        | Reached skill level 10 in Stealth
   289 | D        | Reached XP level 5. HP: 30/30 MP: 7/10
   289 | D        | Reached XP level 6. HP: 35/35 MP: 7/11
   294 | D        | Learned a level 3 spell: Dazzling Spray
   342 | D        | Noticed Jessica
   357 | D        | Reached skill level 10 in Short Blades
   359 | D        | Killed Jessica
   359 | D        | Reached *** piety under Dithmenos
   359 | D        | Reached skill level 11 in Stealth
   455 | D        | Noticed Terence
   473 | D        | Arena points: 26 (+12) [x1]
   498 | D        | Round 3.
   504 | D        | Noticed a wraith
   533 | D        | Killed a wraith
   547 | D        | Reached skill level 12 in Stealth
   547 | D        | Reached XP level 7. HP: 26/40 MP: 1/12
   569 | D        | Reached **** piety under Dithmenos
   596 | D        | Noticed a wraith
   717 | D        | Arena points: 44 (+18) [x1]
   732 | D        | Round 4.
   734 | D        | Noticed a yak
   741 | D        | Killed a yak
   741 | D        | Reached skill level 13 in Stealth
   741 | D        | Reached skill level 5 in Hexes
   788 | D        | Reached skill level 5 in Spellcasting
   841 | D        | Reached ***** piety under Dithmenos
   884 | D        | Reached skill level 14 in Stealth
   907 | D        | Arena points: 116 (+72) [x2]
   907 | D        | Reached XP level 8. HP: 9/44 MP: 2/19
   931 | D        | Round 5.
   932 | D        | Noticed a spiny frog
   972 | D        | Noticed a witch
   981 | D        | Killed a spiny frog
  1004 | D        | Killed a witch
  1004 | D        | Arena points: 256 (+140) [x4]
  1004 | D        | Reached skill level 16 in Stealth
  1004 | D        | Reached skill level 10 in Hexes
  1004 | D        | Reached XP level 9. HP: 8/48 MP: 7/23
  1005 | D        | Got a decaying rune of Zot
  1006 | D        | Reached skill level 5 in Dodging
  1006 | D        | Reached skill level 10 in Spellcasting
  1006 | D        | Reached XP level 10. HP: 10/53 MP: 8/25
  1208 | D        | Round 6.
  1214 | D        | Reached skill level 17 in Stealth
  1352 | D        | Arena points: 496 (+240) [x5]
  1373 | D        | Bought a book of Burglary for 525 gold pieces
  1377 | D        | Learned a level 3 spell: Tukima's Dance
  1384 | D        | Learned a level 6 spell: Invisibility
  1403 | D        | Round 7.
  1436 | D        | Reached ****** piety under Dithmenos
  1502 | D        | Arena points: 832 (+336) [x6]
  1545 | D        | Round 8.
  1551 | D        | Noticed a wolf spider
  1562 | D        | Killed a wolf spider
  1562 | D        | Reached skill level 18 in Stealth
  1601 | D        | Noticed an orb spider
  1602 | D        | Killed an orb spider
  1621 | D        | Reached skill level 19 in Stealth
  1644 | D        | Noticed an orb spider
  1648 | D        | Killed an orb spider
  1725 | D        | Arena points: 896 (+64) [x1]
  1740 | D        | Round 9.
  1817 | D        | Noticed a centaur warrior
  1820 | D        | Killed a centaur warrior
  1820 | D        | Reached skill level 20 in Stealth
  1867 | D        | Noticed a centaur warrior
  1872 | D        | Shot with an arrow by a centaur warrior

Skill      XL: |  1  2  3  4  5  6  7  8  9 10 |
---------------+-------------------------------+-----
Short Blades   | 4 6 9 11 | 11.6
Fighting       | 2 3 5 6 |  6.2
Stealth        | 6 8 10 12 14 16 20 | 20.0
Spellcasting   | 6 9 10 13 | 13.9
Hexes          | 7 10 14 | 14.1
Dodging        | 5 |  5.8

Action                   |  1- 3 |  4- 6 |  7- 9 | 10-12 || total
-------------------------+-------+-------+-------+-------++-------
Melee: Dagger            |    16 |    34 |   117 |    28 ||   195
 Cast: Ensorcelled Hiber |     1 |    10 |     5 |    23 ||    39
       Confuse           |       |     6 |    13 |     4 ||    23
       Dazzling Spray    |       |       |     3 |    11 ||    14
       Invisibility      |       |       |       |     1 ||     1
Invok: Shadow Step       |       |       |       |    10 ||    10
Evoke: Wand              |     1 |       |     2 |       ||     3
  Use: Potion            |       |     1 |     2 |       ||     3
 Stab: Sleeping          |     1 |     6 |       |    17 ||    24
       Confused          |       |     1 |     9 |     2 ||    12
       Invisible         |       |       |       |     2 ||     2
       Distracted        |       |       |       |     1 ||     1
Armor: Robe              |     1 |     1 |       |       ||     2
Dodge: Dodged            |     9 |     5 |    55 |    14 ||    83
